[Event "*** Titled Tuesday 3|2 Blitz"]
[Site "Chess.com"]
[Date "2015.12.01"]
[Round "8"]
[White "AnimationDomination"]
[Black "AdrianaNikolova"]
[Result "0-1"]
[WhiteElo "1738"]
[BlackElo "2206"]
[TimeControl "180+2"]
[EndTime "12:41:21 PST"]
[Termination "AdrianaNikolova won by resignation"]

1. d4 d5 2. c4 Nf6 3. Nc3 e6 4.
Bf4 Be7 5. e3 O-O 6. Nf3 a6 7. Bd3 dxc4 8. Bxc4 b5 9. Bd3 Bb7 10.
O-O Nbd7 11. Rc1 c5 12. Bc2 c4 13. e4 Rc8 14. Qe2 Qb6 15. a3 Qa7 16. e5 Nd5 17.
Nxd5 Bxd5 18. Be4 Qb7 19. Rfe1 Bxe4 20. Qxe4 Qxe4 21. Rxe4 Nb6 22. Re2 Nd5 23. Be3 Rc7 24. Rec2 Rfc8 25. Bd2 b4 26. axb4 Bxb4 27. Bc3 Bxc3 28.
bxc3 Rb8 29. Nd2 a5 30. h3 a4 31. Ne4 Rb3 32. Ra1 a3 33. Rac1 Ra7 34. Nc5 Rb2 35.
f3 Rxc2 36. Rxc2 a2 0-1

[Event "*** Titled Tuesday 3|2 Blitz"]
[Site "Chess.com"]
[Date "2015.12.01"]
[Round "8"]
[White "Krutoy123"]
[Black "BIG_Pirate"]
[Result "1-0"]
[WhiteElo "2359"]
[BlackElo "2299"]
[TimeControl "180+2"]
[EndTime "12:41:41 PST"]
[Termination "Krutoy123 won by resignation"]

1. e4 d5 2. exd5 Qxd5 3. Nf3 Nf6 4. d4 Bg4 5. Be2 Nc6 6. h3 Bh5 7. Be3 O-O-O 8. Nbd2 Kb8 9. O-O Qf5 10. g4 Nxg4 11.
hxg4 Bxg4 12. Nh4 Qh5 13. Bxg4 Qxh4 14. c3 e5 15. Ne4 Be7 16. d5 h5 17. Bf3 f5 18. Nd2 e4 19. dxc6 exf3 20. Qxf3 Bd6 21.
Rfd1 Bh2+ 22. Kg2 Rd6 23. Rh1 Rg6+ 24. Kf1 Re8 25. Re1 f4 26. Bxa7+ Kxa7 27. Rxe8 1-0

[Event "*** Titled Tuesday 3|2 Blitz"]
[Site "Chess.com"]
[Date "2015.12.01"]
[Round "8"]
[White "FabianEnglert"]
[Black "gumersindo"]
[Result "1-0"]
[WhiteElo "2302"]
[BlackElo "2196"]
[TimeControl "180+2"]
[EndTime "12:41:41 PST"]
[Termination "FabianEnglert won by checkmate"]

1. Nf3 d5 2. g3 Nf6 3. Bg2 e6 4. O-O Be7 5. c4 O-O 6. b3 c5 7. e3 Nc6 8. Bb2 b6 9. Nc3 Bb7 10. cxd5 exd5 11. d4 c4 12. bxc4 dxc4 13. e4 a6 14. Qe2 b5 15. Rfd1 Nb4 16. Ne1 Re8 17. a3 Nc6 18. e5 Nd7 19. e6 Nf6 20. d5 Na5 21. exf7+ Kxf7 22. Qe6+ Kf8 23. d6 Bxd6 24. Qxd6+ Qxd6 25. Rxd6 Bxg2 26. Nxg2 Nb3 27. Rad1 Reb8 28. Nd5 Ne4 29. Rd7 Nbc5 30. Bxg7+ Ke8 31. Re7+ Kd8 32. Rxe4 Nxe4 33. Nf6+ Ke7 34. Nxe4 a5 35.
Nf4 b4 36. Bf6+ Kf7 37. Rd7+ Ke8 38. Re7+ Kf8 39. Ne6+ Kg8 40. Rg7+ Kh8 41. Rg6# 1-0

[Event "*** Titled Tuesday 3|2 Blitz"]
[Site "Chess.com"]
[Date "2015.12.01"]
[Round "8"]
[White "BellJackson95"]
[Black "ArnaudovP"]
[Result "0-1"]
[WhiteElo "2166"]
[BlackElo "2323"]
[TimeControl "180+2"]
[EndTime "12:42:07 PST"]
[Termination "ArnaudovP won by checkmate"]

1. e4 g6 2. d4 Bg7 3. Nc3 c6 4.
Nf3 d6 5. h3 Nf6 6. a4 O-O 7.
Be3 Qc7 8. Qd2 e5 9. dxe5 dxe5 10. Rd1 Be6 11. Bc5 Re8 12. Ng5 Nbd7 13. Nxe6 Rxe6 14. Bd6 Qb6 15. Bc4 Ree8 16. b4 a5 17. b5 Bf8 18.
O-O Bxd6 19. Qxd6 Rad8 20. Qa3 Qc5 21. Qb3 Re7 22. Rd2 Kg7 23. Rfd1 Rde8 24. g4 h6 25. Rd6 Nb6 26. Be2 Nc8 27. Rd8 Rxd8 28. Rxd8 Nd6 29. bxc6 bxc6 30. Bd3 Rb7 31. Nb5 cxb5 32. axb5 Nxb5 33.
h4 Nd6 34. Qa4 Nfxe4 35. Bxe4 Rb4 36. Qd7 Nxe4 37. Qe8 Qxf2+ 38. Kh1 Ng3# 0-1

[Event "*** Titled Tuesday 3|2 Blitz"]
[Site "Chess.com"]
[Date "2015.12.01"]
[Round "8"]
[White "UltimateCrusher2"]
[Black "AndrewMcStone"]
[Result "1-0"]
[WhiteElo "2038"]
[BlackElo "1989"]
[TimeControl "180+2"]
[EndTime "12:42:20 PST"]
[Termination "UltimateCrusher2 won by resignation"]

1. g3 f5 2. Bg2 Nf6 3. Nc3 e5 4. d3 Bb4 5. a3 Be7 6. Nf3 d6 7. O-O O-O 8. b4 c6 9. Rb1 Kh8 10. e4 fxe4 11. dxe4 Bg4 12. h3 Be6 13. Nh4 Qd7 14.
Kh2 Na6 15. f4 exf4 16. Bxf4 Bc4 17. Rf2 Rad8 18. Nf5 Be6 19. g4 Bxf5 20. exf5 d5 21. b5 Nc5 22. bxc6 bxc6 23. Qd4 Nce4 24. Nxe4 dxe4 25.
Qxd7 Rxd7 26. Re1 Bc5 27. Rfe2 Nd5 28. Bg3 e3 29. Bxd5 Rxd5 30. Bf4 Re8 31. Kg2 Bxa3 32.
Rxe3 Rxe3 33. Rxe3 Rd8 34. Rxa3 1-0

[Event "*** Titled Tuesday 3|2 Blitz"]
[Site "Chess.com"]
[Date "2015.12.01"]
[Round "8"]
[White "LyonBeast"]
[Black "GeorgMeier"]
[Result "1-0"]
[WhiteElo "2751"]
[BlackElo "2623"]
[TimeControl "180+2"]
[EndTime "12:42:24 PST"]
[Termination "LyonBeast won by resignation"]

1. e4 e6 2. d4 d5 3. Nd2 c5 4. exd5 Qxd5 5. Ngf3 cxd4 6. Bc4 Qd6 7. O-O Nf6 8. Nb3 Nc6 9. Nbxd4 Nxd4 10. Qxd4 Bd7 11.
Qh4 Qc7 12. b3 Be7 13. Bb2 O-O 14. Bd3 h6 15. Ne5 Rfd8 16. Rae1 Be8 17. Qh3 Bc5 18. Kh1 Bd4 19. Bxd4 Rxd4 20. f4 Rad8 21. f5 exf5 22. Rxf5 Bd7 23. Nxd7 Qxd7 24. Qf3 Rd5 25. Rf4 b6 26. h3 Rd6 27. Rf1 Re8 28. Rf5 Kf8 29.
Bb5 1-0

[Event "*** Titled Tuesday 3|2 Blitz"]
[Site "Chess.com"]
[Date "2015.12.01"]
[Round "8"]
[White "MITerryble"]
[Black "Fandorine"]
[Result "0-1"]
[WhiteElo "2603"]
[BlackElo "2595"]
[TimeControl "180+2"]
[EndTime "12:42:46 PST"]
[Termination "Fandorine won by resignation"]

1. d4 Nf6 2. Nf3 g6 3. Bg5 Bg7 4. Nbd2 O-O 5. c3 d6 6. e4 Nc6 7.
Be2 h6 8. Bh4 Nh5 9. O-O g5 10.
Bg3 e6 11. Ne1 Nxg3 12. hxg3 Ne7 13. Nd3 b6 14. f4 c5 15. dxc5 bxc5 16. Nc4 d5 17. exd5 exd5 18. Nce5 c4 19. Nb4 a5 20.
Nc2 Nf5 21. g4 Ng3 22. Rf3 gxf4 23. Nc6 Qb6+ 24. N2d4 Nxe2+ 25. Qxe2 Bxg4 26. Rd1 Rae8 27. Qf2 Bxf3 28. Qxf3 Re6 29. Kh1 Rxc6 30. Nxc6 Qxc6 31. Rxd5 Qb7 32. Rxa5 Qxb2 33. Rc5 Qxc3 34. Qxc3 Bxc3 35. Rxc4 Be5 36. Kg1 Rd8 37. a4 Kg7 38. Kf2 Rd4 39. Kf3 Rxc4 0-1

[Event "*** Titled Tuesday 3|2 Blitz"]
[Site "Chess.com"]
[Date "2015.12.01"]
[Round "8"]
[White "KnightSeeSix"]
[Black "SlovenskiZmaj"]
[Result "0-1"]
[WhiteElo "2160"]
[BlackElo "2312"]
[TimeControl "180+2"]
[EndTime "12:42:51 PST"]
[Termination "SlovenskiZmaj won by resignation"]

1. e4 c6 2. d4 d5 3. Nc3 dxe4 4.
Nxe4 Bf5 5. Ng3 Bg6 6. Nf3 Nd7 7.
Bd3 Ngf6 8. O-O e6 9. Re1 Bd6 10. Nh4 O-O 11. Nxg6 hxg6 12. Qf3 Qc7 13. c3 c5 14.
dxc5 Nxc5 15. Bc2 a6 16. Bg5 Ncd7 17. Rad1 b5 18. Qd3 Nd5 19. Bb3 Nc5 20. Qf3 Nxb3 21. axb3 Rfe8 22. b4 a5 23. bxa5 Qxa5 24. Ne4 Be7 25. Bxe7 Rxe7 26. Nd6 Qb6 27. Ne4 Ra2 28. Qe2 b4 29. Rxd5 exd5 30. Nf6+ Qxf6 0-1

[Event "*** Titled Tuesday 3|2 Blitz"]
[Site "Chess.com"]
[Date "2015.12.01"]
[Round "8"]
[White "Colombiano07"]
[Black "BakaPG"]
[Result "0-1"]
[WhiteElo "2111"]
[BlackElo "2463"]
[TimeControl "180+2"]
[EndTime "12:42:59 PST"]
[Termination "BakaPG won by resignation"]

1. d4 d5 2. Nf3 Nf6 3. g3 Bf5 4. Bg2 e6 5. O-O h6 6. c4 c6 7. Nc3 Nbd7 8. Qb3 Qb6 9. c5 Qc7 10. Bf4 Qc8 11. Qd1 Be7 12. b4 O-O 13. a4 Ne4 14. Nxe4 Bxe4 15. Nd2 Bh7 16. Nb3 Re8 17. Na5 b6 18. Nb3 Bf6 19. Rc1 bxc5 20. Nxc5 Nb6 21.
e4 dxe4 22. Nxe4 Be7 23. Nd6 Bxd6 24. Bxd6 Qd7 25. Bf4 Nd5 26. Bd2 Rab8 27. Qe1 Bd3 28. Be4 Bxf1 29. Kxf1 Rbc8 30. Bb1 Nb6 31. Qe4 f5 32. Qc2 Qxd4 33. Bc3 Qc4+ 34. Kg1 Nd5 35. Ba2 Qxc3 36. Qxc3 Nxc3 37. Rxc3 Kf7 38. Rc5 Kf6 39. f4 Red8 40. Re5 Rd1+ 41. Kf2 Rd2+ 42. Re2 Rxe2+ 43.
Kxe2 a5 44. b5 cxb5 45. axb5 Rc2+ 0-1

[Event "*** Titled Tuesday 3|2 Blitz"]
[Site "Chess.com"]
[Date "2015.12.01"]
[Round "8"]
[White "BjarkeSahl"]
[Black "Makalexa"]
[Result "0-1"]
[WhiteElo "2115"]
[BlackElo "2046"]
[TimeControl "180+2"]
[EndTime "12:43:04 PST"]
[Termination "Makalexa won by resignation"]

1. e4 e5 2. Nf3 Nc6 3. d4 exd4 4.
Bc4 Nf6 5. e5 d5 6. Bb5 Ne4 7.
Nxd4 Bc5 8. O-O Bd7 9. Bxc6 bxc6 10.
f3 Ng5 11. Be3 Rb8 12. Qd2 Ne6 13. c3 Bxd4 14. cxd4 c5 15. dxc5 Bb5 16. Rd1 c6 17. Nc3 Ba6 18. f4 Qe7 19. b4 d4 20. Bxd4 Rd8 21. Qf2 O-O 22. Ne4 Rb8 23. a3 Bc4 24.
Nd6 Bd5 25. Bc3 f6 26. Nf5 Qb7 27. exf6 gxf6 28. Nh6+ Kh8 29. f5 Ng5 30. h4 Ne4 31. Qd4 Qg7 32. Bd2 Rbd8 33. Qe3 Rfe8 34. Qf4 Nc3 35. Ng4 Ne2+ 0-1

[Event "*** Titled Tuesday 3|2 Blitz"]
[Site "Chess.com"]
[Date "2015.12.01"]
[Round "8"]
[White "AndroQueen"]
[Black "motivated_bishop"]
[Result "1-0"]
[WhiteElo "2317"]
[BlackElo "2275"]
[TimeControl "180+2"]
[EndTime "12:43:06 PST"]
[Termination "AndroQueen won by resignation"]

1. e4 e5 2. Nf3 Nc6 3. Bb5 a6 4. Ba4 Nf6 5. O-O Be7 6. Re1 b5 7. Bb3 d6 8. c3 O-O 9. d4 Bg4 10.
Be3 Bh5 11. Nbd2 d5 12. Qc1 Nxe4 13. Nxe5 Nxe5 14. dxe5 f5 15. f3 Nc5 16. Bc2 Ne6 17. Qb1 f4 18. Bxh7+ Kh8 19. Bf2 Bh4 20. Re2 Bxf2+ 21.
Rxf2 Qg5 22. Bd3 Qxe5 23. Re2 Qf6 24. Qe1 Nc5 25. Bc2 Rae8 26. Rxe8 Rxe8 27. Qf2 Qe7 28. Nf1 Kg8 29. Rd1 Bf7 30. Rd4 Qe5 31. Qd2 g5 32. h4 c6 33. hxg5 Qxg5 34. Rxf4 Ne6 35.
Rg4 1-0

[Event "*** Titled Tuesday 3|2 Blitz"]
[Site "Chess.com"]
[Date "2015.12.01"]
[Round "8"]
[White "ilmago"]
[Black "stepanosinovsky"]
[Result "1-0"]
[WhiteElo "1931"]
[BlackElo "2183"]
[TimeControl "180+2"]
[EndTime "12:43:22 PST"]
[Termination "ilmago won by checkmate"]

1. e4 b6 2. d4 Bb7 3. Bd3 e6 4. Qe2 Nf6 5. Nd2 d5 6. e5 Nfd7 7. c3 c5 8. f4 Nc6 9. Ngf3 Qc7 10. O-O h6 11. f5 O-O-O 12. Nh4 cxd4 13. fxe6 Ndxe5 14. Bf5 g6 15. e7+ gxf5 16. exd8=Q+ Kxd8 17. Nxf5 d3 18. Qh5 Bc5+ 19. Kh1 d4 20. Ne4 dxc3 21. bxc3 Rg8 22.
Nxc5 bxc5 23. Bxh6 Nd4 24. Bg5+ Ke8 25. cxd4 cxd4 26. Rae1 d2 27. Nd6+ Kd7 28. Rxe5 Qxd6 29. Qxf7+ Kc6 30. Qc4+ Kd7 31. Rf7+ Qe7 32. Rfxe7+ Kd6 33.
Qc7# 1-0

[Event "*** Titled Tuesday 3|2 Blitz"]
[Site "Chess.com"]
[Date "2015.12.01"]
[Round "8"]
[White "VMikhalevski"]
[Black "bugsbunny444"]
[Result "1-0"]
[WhiteElo "2518"]
[BlackElo "2347"]
[TimeControl "180+2"]
[EndTime "12:43:23 PST"]
[Termination "VMikhalevski won by resignation"]

1. c4 b6 2. Nc3 Bb7 3. e4 e6 4. g3 f5 5. d3 Nf6 6. Bg2 fxe4 7. dxe4 Bc5 8. Nh3 O-O 9. O-O Qe8 10. Nf4 a5 11. e5 Bxg2 12. Kxg2 g5 13. exf6 gxf4 14. Qg4+ Qg6 15. Qxg6+ hxg6 16. Bxf4 d6 17. Nb5 Na6 18. Bg5 c6 19. Nc3 d5 20. Rae1 Rae8 21. Na4 Bd4 22. Rd1 Bxf6 23. Bxf6 Rxf6 24. Nxb6 Rf7 25. b3 Nc5 26. cxd5 cxd5 27. Rc1 Nd3 28. Rc3 Nb4 29. a3 Na6 30. Re1 Rb7 31. Nxd5 Kf7 32. Rf3+ Kg7 33.
Rfe3 Nc5 34. b4 axb4 35. axb4 Na6 36. Rxe6 Rxe6 37. Rxe6 Nxb4 38. Nxb4 Rxb4 39. h4 Kf7 40. Ra6 Rb3 41. f4 Rc3 42. Ra5 Kf6 43. h5 gxh5 44. Rxh5 1-0

[Event "*** Titled Tuesday 3|2 Blitz"]
[Site "Chess.com"]
[Date "2015.12.01"]
[Round "8"]
[White "Tesla37"]
[Black "AleksandrNevski"]
[Result "1-0"]
[WhiteElo "2519"]
[BlackElo "2351"]
[TimeControl "180+2"]
[EndTime "12:43:26 PST"]
[Termination "Tesla37 won on time"]

1. c4 e5 2. Nc3 Bb4 3. Nd5 Be7 4. g3 Nf6 5. Nxf6+ Bxf6 6. Bg2 O-O 7. d3 c6 8. Qb3 d6 9. Nf3 Nd7 10. Be3 Qe7 11.
O-O Re8 12. Rfd1 Nf8 13. d4 Bg4 14. dxe5 dxe5 15. h3 Bh5 16. g4 e4 17. gxh5 exf3 18.
Bxf3 Bg5 19. Bxg5 Qxg5+ 20. Kf1 Re7 21. Rd4 Ne6 22. Rg4 Qh6 23. Rd1 Rae8 24. Qa3 f5 25. Rg3 Nf4 26. Rd6 Re6 27. Rd7 g6 28. hxg6 Rxg6 29. Qd6 Qh4 30. Rxg6+ hxg6 31. Ke1 Ne6 32.
Rxb7 Qxc4 33. Qxc6 Qxc6 34. Bxc6 Rd8 35. Rxa7 1-0

[Event "*** Titled Tuesday 3|2 Blitz"]
[Site "Chess.com"]
[Date "2015.12.01"]
[Round "8"]
[White "kikydu96"]
[Black "Svetlin_Mladenov"]
[Result "0-1"]
[WhiteElo "2257"]
[BlackElo "2328"]
[TimeControl "180+2"]
[EndTime "12:43:26 PST"]
[Termination "Svetlin_Mladenov won by resignation"]

1. e4 c5 2. c3 e6 3. d4 cxd4 4.
cxd4 d5 5. exd5 Qxd5 6. Nc3 Bb4 7. Nf3 Nf6 8. Bd3 b6 9. O-O Bxc3 10. bxc3 Bb7 11. Ba3 Nbd7 12. Qe2 Qh5 13. Ne5 Qxe2 14. Bxe2 Nxe5 15. dxe5 Nd7 16. Bb5 a6 17. Bxd7+ Kxd7 18. Rfd1+ Kc7 19. Rd6 Rhd8 20. Rad1 Bd5 21. f4 Rxd6 22.
Bxd6+ Kc6 23. a4 g5 24. fxg5 Rg8 25. h4 h6 26. Be7 hxg5 27. Bxg5 Kc5 28. Rd4 b5 29.
axb5 axb5 30. Kf2 Ra8 31. Be7+ Kc6 32. Rd2 Kd7 33. Bf6 Ra4 34. h5 Rg4 35. Kg1 Kc6 36.
Rxd5 Kxd5 37. h6 Rg6 38. h7 Rh6 39. h8=Q Rxh8 40. Bxh8 Kc4 41. Bf6 Kxc3 42. Kf2 b4 43. Be7 b3 44. Ba3 b2 45. Bxb2+ Kxb2 46. Ke3 Kc3 47. Ke4 Kc4 48. g3 Kc3 49. g4 Kc4 50. g5 Kc5 51. Ke3 Kd5 52. Kf4 Kd4 0-1

[Event "*** Titled Tuesday 3|2 Blitz"]
[Site "Chess.com"]
[Date "2015.12.01"]
[Round "8"]
[White "KNVB"]
[Black "jefferyx"]
[Result "1/2-1/2"]
[WhiteElo "2363"]
[BlackElo "2556"]
[TimeControl "180+2"]
[EndTime "12:43:44 PST"]
[Termination "Game drawn by repetition"]

1. d4 b5 2. e4 a6 3. Nf3 Bb7 4. Bd3 e6 5. O-O Nf6 6. Re1 d5 7. e5 Nfd7 8. Bg5 Be7 9. Bxe7 Qxe7 10. Nbd2 c5 11. dxc5 Nxc5 12. Nb3 Ne4 13. Nfd2 Nxd2 14. Qxd2 Nc6 15. Qe3 O-O 16. Nd4 Qb4 17. Nxc6 Bxc6 18. a3 Qh4 19. Qg3 Qh6 20. Re3 d4 21. Re2 Rfd8 22.
Rae1 Rac8 23. h4 Bd5 24. Rd1 Bc4 25. Kh2 Qh5 26. f3 Rd5 27. Rdd2 h6 28. Re4 Bxd3 29. cxd3 Rc1 30. Rde2 Rd1 31. Rc2 Rxd3 32. Rc8+ Kh7 33. Rc7 Re3 34. Rf4 Kg8 35. Rc8+ Kh7 36. Rc7 Kg8 37. Rc8+ Kh7 38. Rc7 Kg8 39. Rc8+ Kh7 1/2-1/2

[Event "*** Titled Tuesday 3|2 Blitz"]
[Site "Chess.com"]
[Date "2015.12.01"]
[Round "8"]
[White "AnastasiaProtopopova"]
[Black "HansCoolNiemann"]
[Result "0-1"]
[WhiteElo "1924"]
[BlackElo "2178"]
[TimeControl "180+2"]
[EndTime "12:44:04 PST"]
[Termination "HansCoolNiemann won by resignation"]

1. Nf3 Nf6 2. c4 g6 3. Nc3 d5 4.
Qa4+ Nc6 5. Nd4 Qd6 6. Nxc6 Qxc6 7.
Qxc6+ bxc6 8. e3 Bg7 9. d4 O-O 10.
Bd2 Be6 11. Rc1 dxc4 12. Na4 Rab8 13. Bxc4 Bxc4 14. Rxc4 Ne4 15. f3 Nxd2 16. Kxd2 e5 17. Rxc6 exd4 18. e4 Be5 19. b3 Rfd8 20. g3 g5 21. Kd3 Rf8 22. Rhc1 Rbe8 23. R1c5 f5 24. Nb2 fxe4+ 25. fxe4 Rf3+ 26. Ke2 Re3+ 27. Kd2 Rxe4 28. Nd3 Bd6 29. Rxg5+ Kh8 30. Rc4 Re2+ 31. Kd1 c5 32. Nxc5 Rxa2 33. Nd3 Bf8 34. Rc2 Ra1+ 35. Rc1 Ra3 36.
Rb1 Ra2 37. Rd5 Bh6 38. Rxd4 Rd2+ 39. Kc1 Rxd3+ 0-1

[Event "*** Titled Tuesday 3|2 Blitz"]
[Site "Chess.com"]
[Date "2015.12.01"]
[Round "8"]
[White "tigra"]
[Black "olomi007"]
[Result "1-0"]
[WhiteElo "2241"]
[BlackElo "2408"]
[TimeControl "180+2"]
[EndTime "12:44:15 PST"]
[Termination "tigra won by resignation"]

1. e4 c5 2. Nf3 e6 3. Nc3 d6 4. d4 cxd4 5. Nxd4 Nf6 6. g4 h6 7. h4 a6 8. Qf3 Nc6 9. Nxc6 bxc6 10. g5 hxg5 11. hxg5 Rxh1 12. Qxh1 Nd7 13. g6 fxg6 14. Be3 Bb7 15. O-O-O Qe7 16. a4 c5 17. a5 Ne5 18.
Na4 O-O-O 19. Qg2 Qc7 20. Nb6+ Kb8 21. f4 Nc6 22. Qd2 Be7 23. Kb1 Na7 24. Bd3 Nc8 25. Nc4 d5 26. exd5 exd5 27. Ne5 Bf6 28. Bxg6 d4 29.
Bg1 Nd6 30. Re1 Bxe5 31. fxe5 Nc4 32. Qe2 Bd5 33. e6 Qe7 34. b3 Na3+ 35. Kb2 Nb5 36.
Qe5+ Ka7 37. Bd3 Nc7 38. Bh2 Nxe6 39. Bf5 c4 40. Bxe6 c3+ 41. Ka2 Bxe6 42. Qxe6 Qxe6 43.
Rxe6 Rd5 44. Re7+ Ka8 45. b4 d3 46. cxd3 Rxd3 47. Bf4 Rf3 48. Bc1 Rf1 49. Kb1 g5 50.
Kc2 g4 51. Rg7 Rg1 52. Ra7+ Kb8 53. Rxa6 g3 54. Rg6 g2 55. b5 1-0

[Event "*** Titled Tuesday 3|2 Blitz"]
[Site "Chess.com"]
[Date "2015.12.01"]
[Round "8"]
[White "Anton_Demchenko"]
[Black "Gergo85"]
[Result "1-0"]
[WhiteElo "2667"]
[BlackElo "2352"]
[TimeControl "180+2"]
[EndTime "12:44:16 PST"]
[Termination "Anton_Demchenko won by resignation"]

1. e4 c6 2. d4 d5 3. Nd2 dxe4 4. Nxe4 Bf5 5. Ng3 Bg6 6. Nf3 Nd7 7. h4 h6 8. Bd3 Bxd3 9. Qxd3 e6 10. Bf4 Qa5+ 11.
Bd2 Qb5 12. c4 Qa6 13. O-O Ngf6 14. Rfe1 Be7 15. b3 Rd8 16. a4 O-O 17. Nf5 exf5 18. Rxe7 Ne4 19. Qc2 b5 20. Bf4 bxc4 21.
Qxc4 Qxc4 22. bxc4 Rfe8 23. Rxe8+ Rxe8 24. a5 Nc3 25.
Kf1 Re4 26. Bd2 Ne2 27. Re1 Nf4 28. Bxf4 Rxf4 29. Re8+ Kh7 30. Re7 Nf6 31. Rxa7 c5 32.
a6 cxd4 33. Rc7 Re4 34. a7 Re8 35. Nxd4 Ne4 36. g3 f4 37. gxf4 Ra8 38. Nb5 h5 39. Kg2 Nd2 40. c5 Nb3 41. Rb7 Nxc5 42. Rb8 1-0

[Event "*** Titled Tuesday 3|2 Blitz"]
[Site "Chess.com"]
[Date "2015.12.01"]
[Round "8"]
[White "MateusViageiro"]
[Black "Haridaskesavan"]
[Result "0-1"]
[WhiteElo "2250"]
[BlackElo "2089"]
[TimeControl "180+2"]
[EndTime "12:44:19 PST"]
[Termination "Haridaskesavan won by resignation"]

1. e4 e5 2. Nf3 Nc6 3. Bb5 a6 4. Ba4 d6 5. O-O Ne7 6. c3 g6 7. d4 Bd7 8. Bg5 Bg7 9. d5 Nb8 10. Nbd2 h6 11. Be3 O-O 12. c4 f5 13. exf5 gxf5 14.
Bxd7 Nxd7 15. Nb3 f4 16. Bd2 Nf5 17. Bc3 Kh8 18. Re1 Qe8 19. Nfd4 Qg6 20. Nxf5 Qxf5 21. f3 Rg8 22. Qe2 Bf6 23. Nd2 Rg7 24. Ne4 Rag8 25.
g4 fxg3 26. Nxg3 Bh4 27. Qe4 Qxe4 28. Rxe4 Bxg3 29. hxg3 Rxg3+ 30. Kf2 Nf6 31. Rh4 Kh7 32. Rah1 Rg2+ 33. Ke3 R8g6 34. R1h2 Rxh2 35. Rxh2 h5 36. Ba5 b6 37. Bc3 Kh6 38. Bd2 Kg7 39. a4 Rg1 40.
Bc3 Kg6 41. Kf2 Ra1 42. Rg2+ Kf7 43. a5 bxa5 44. Rg5 a4 45. Rf5 Kg6 46. Rxf6+ Kxf6 47. f4 Kf5 48. fxe5 dxe5 49. c5 Rd1 50. d6 cxd6 51. c6 Ke6 52. c7 Kd7 53. Ba5 Rc1 54. Ke3 d5 55. Kd2 Rxc7 56. Bb4 h4 0-1

[Event "*** Titled Tuesday 3|2 Blitz"]
[Site "Chess.com"]
[Date "2015.12.01"]
[Round "8"]
[White "Konavets"]
[Black "Iball95"]
[Result "1/2-1/2"]
[WhiteElo "2521"]
[BlackElo "2427"]
[TimeControl "180+2"]
[EndTime "12:44:21 PST"]
[Termination "Game drawn - insufficient material"]

1. b4 e5 2. a3 d5 3. Bb2 Bd6 4. f3 Nf6 5. e3 O-O 6. d4 exd4 7. Qxd4 Nc6 8. Qh4 Re8 9. Ne2 Rxe3 10. Nd2 Bf5 11. O-O-O Bg6 12. Nb3 Be5 13. Bxe5 Rxe5 14. Nf4 Qe7 15. Bb5 a5 16. Bxc6 bxc6 17. Rhe1 axb4 18. Rxe5 Qxe5 19. Re1 Qc3 20. Nxg6 bxa3 21. Ne7+ Kf8 22. Nxc6 a2 23. Qb4+ Qxb4 24. Nxb4 a1=Q+ 25. Nxa1 Rxa1+ 26. Kd2 Rxe1 27. Kxe1 Ke7 28. Kd2 Kd6 29. Nd3 Nd7 30. f4 Nc5 31. Ne1 Ne4+ 32. Ke3 Nf6 33.
h3 Nd7 34. g4 Kc5 35. Nf3 h6 36. Kd3 Kd6 37. Nd4 g6 38. Nb5+ Kc6 39. Nd4+ Kc5 40. Nb3+ Kd6 41. Nd2 Nc5+ 42. Ke3 Ne6 43. Nf3 f6 44. c3 c5 45. h4 f5 46. g5 hxg5 47. hxg5 c4 48. Ne5 Nxg5 49. Nxg6 Ne6 50.
Nh4 Ng7 51. Kd4 Ke6 52. Nf3 Nh5 53. Ng5+ Kd6 54. Nf7+ Ke7 55. Nh6 Nxf4 56. Nxf5+ Ke6 57. Ne3 Ne2+ 58. Kc5 Nxc3 59. Nxd5 Nxd5 60. Kxc4 1/2-1/2

[Event "*** Titled Tuesday 3|2 Blitz"]
[Site "Chess.com"]
[Date "2015.12.01"]
[Round "8"]
[White "Tirantes"]
[Black "Saitama_Hero"]
[Result "1-0"]
[WhiteElo "2236"]
[BlackElo "2126"]
[TimeControl "180+2"]
[EndTime "12:44:22 PST"]
[Termination "Tirantes won by resignation"]

1. Nf3 Nf6 2. c4 g6 3. g3 d5 4. cxd5 Nxd5 5. Nc3 Bg7 6. Bg2 O-O 7. O-O Nb6 8. d3 Nc6 9. Be3 h6 10. Rc1 e5 11. Ne4 f5 12. Nc5 f4 13. Bd2 g5 14.
Qb3+ Kh7 15. Ne6 Bxe6 16. Qxe6 Bf6 17. Rxc6 bxc6 18. Nxe5 Nd5 19. Nxc6 Qd6 20. Bxd5 Qxe6 21. Bxe6 Bxb2 22. Rb1 Bg7 23. d4 a5 24. gxf4 gxf4 25. Kg2 Ra6 26. d5 f3+ 27. exf3 Rf6 28. Nxa5 Rfxe6 29. dxe6 Rxe6 30. Nc4 Rc6 31. Rc1 Ra6 32. a3 Rg6+ 33. Kf1 Rf6 34. Ke2 Re6+ 35. Be3 Rg6 36. a4 Ra6 37. a5 Kg6 38. Rd1 Kf5 39. Rd5+ Ke6 40. Rc5 Kd7 41. f4 Bf8 42. Rb5 Kc6 43.
Rb8 Bc5 44. Bxc5 Kxc5 45. Kd3 Rf6 46. Rc8 c6 47. a6 Rxf4 48. a7 Rd4+ 49. Ke3 Kxc4 50.
a8=Q Rd3+ 51. Ke2 1-0

[Event "*** Titled Tuesday 3|2 Blitz"]
[Site "Chess.com"]
[Date "2015.12.01"]
[Round "8"]
[White "Blitzstream"]
[Black "kpio91"]
[Result "1-0"]
[WhiteElo "2411"]
[BlackElo "2514"]
[TimeControl "180+2"]
[EndTime "12:44:23 PST"]
[Termination "Blitzstream won by resignation"]

1. d4 g6 2. e4 Bg7 3. Nc3 c5 4. Be3 cxd4 5. Bxd4 Nf6 6. e5 Ng8 7. Nf3 Nc6 8. Bb5 Nxd4 9. Qxd4 a6 10. Bc4 Nh6 11. O-O-O O-O 12. g4 d6 13. h3 Qa5 14. Nd5 Be6 15. Qb6 Qxb6 16. Nxb6 Bxc4 17. Nxc4 dxe5 18. Ncxe5 f5 19. Nd7 Rfd8 20. Nb6 Rxd1+ 21. Rxd1 Rf8 22. g5 Nf7 23. Rd7 e5 24. h4 h6 25.
gxh6 Bxh6+ 26. Kd1 e4 27. Nd4 Ne5 28. Rxb7 Rd8 29.
c3 Nd3 30. Ke2 Nxb2 31. Nd7 Bg7 32. Ne6 Rxd7 33. Rxd7 Bxc3 34. Nf4 Na4 35. Nxg6 Bf6 36. h5 Nc3+ 37. Kf1 Bg5 38. Ne7+ Bxe7 39. Rxe7 Nxa2 40.
Re5 Kg7 41. Rxf5 Nc3 42. Ra5 Kh6 43. Kg2 Ne2 44. Kh3 Nf4+ 45. Kg4 Nd3 46. Rxa6+ Kh7 47.
Kg5 Nxf2 48. Ra7+ Kg8 49. Kg6 1-0

[Event "*** Titled Tuesday 3|2 Blitz"]
[Site "Chess.com"]
[Date "2015.12.01"]
[Round "8"]
[White "ChadaevNikolay"]
[Black "Frolyanov_D"]
[Result "1-0"]
[WhiteElo "2564"]
[BlackElo "2493"]
[TimeControl "180+2"]
[EndTime "12:44:24 PST"]
[Termination "ChadaevNikolay won on time"]

1. e4 c5 2. Nf3 d6 3. d4 cxd4 4. Nxd4 Nf6 5. Nc3 a6 6. Bg5 Nbd7 7. Bc4 Qa5 8. Qd2 g6 9. O-O Bg7 10. Rfe1 O-O 11. Bh6 Qh5 12. Bxg7 Kxg7 13. Nf3 b5 14. Bd5 Rb8 15. a3 Ne5 16. Nxe5 Qxe5 17. h3 Qh5 18. Qd4 Qe5 19. Qa7 Qg5 20. h4 Qxh4 21. Qxb8 Ng4 22.
Qa7 Qh2+ 23. Kf1 Qh1+ 24. Ke2 Qxg2 25. Rg1 Qh2 26. Raf1 Ne5 27. Qd4 Bh3 28. Re1 f5 29. Rh1 Bg4+ 30. Kd2 Qf4+ 31. Re3 Qxf2+ 32. Kc1 f4 33.
Rd3 Qg2 34. Rg1 f3 35. Rxg2 fxg2 36. Rg3 Rf1+ 37. Kd2 g1=Q 38. Rxg1 Rxg1 39. b3 Rg2+ 40. Kc1 h5 41. Qa7 Kf6 42. Bg8 h4 43. Nd5+ Kg7 44. Qxe7+ 1-0

[Event "*** Titled Tuesday 3|2 Blitz"]
[Site "Chess.com"]
[Date "2015.12.01"]
[Round "8"]
[White "petrpalachev"]
[Black "ruifeng"]
[Result "0-1"]
[WhiteElo "2320"]
[BlackElo "2215"]
[TimeControl "180+2"]
[EndTime "12:44:27 PST"]
[Termination "ruifeng won on time"]

1. d4 d5 2. c4 e6 3. Nc3 c5 4. cxd5 cxd4 5. Qxd4 exd5 6. Qxd5 Nd7 7. Nf3 Ngf6 8. Qd1 Bc5 9. e3 O-O 10. Be2 b6 11. a3 Qe7 12. b4 Bd6 13. Bb2 Bb7 14. O-O Rac8 15. Rc1 Ne5 16. Nxe5 Qxe5 17. g3 Rfd8 18. Qd4 Qg5 19. Qh4 Qf5 20. Nb5 Be7 21.
Rxc8 Rxc8 22. Nd4 Qe5 23. Qf4 Qxf4 24. gxf4 a5 25. bxa5 bxa5 26. Rc1 Rxc1+ 27. Bxc1 Bc5 28. Nb3 Bb6 29. Bb5 Bd5 30. Na1 Ne4 31. Bb2 f6 32.
Nc2 Nd2 33. Nd4 Bxd4 34. Bxd4 Nf3+ 35. Kf1 Nxh2+ 36. Ke2 h5 37. Bd3 Bf3+ 38. Ke1 h4 39. Bf5 Bg2 40. Bb6 Nf3+ 41. Ke2 Ng1+ 42. Kd3 h3 43. Bxh3 Nxh3 44. Ke2 a4 45. f3 Kf7 46.
Bc7 Ke6 47. e4 f5 0-1